 Dungeon Sprint DCSS version 0.21.1-1-g345015f (webtiles) character file.

8400000 Fang the Axe Maniac (level 27, -26/273 HPs)
             Began as a Minotaur Gladiator on May 21, 2018.
             Was the Champion of Makhleb.
             Killed from afar by a wretched soul (78 damage)
             ... with a bolt of negative energy
             ... in the Dungeon (Sprint VIII: "Arena of Blood").
             The game lasted 00:01:19 (84 turns).

Fang the Axe Maniac (Minotaur Gladiator)              Turns: 84, Time: 00:01:20

Health: -26/273    AC:  6    Str: 30    XL:     27
Magic:  33/53      EV: 30    Int:  5    God:    Makhleb [******]
Gold:   0          SH:  0    Dex: 14    Spells: 80/80 levels left

rFire    . . .     SeeInvis .   l - +∞ Axe of Woe
rCold    . . .     Gourm    .   (shield currently unavailable)
rNeg     . . .     Faith    .   b - +0 leather armour
rPois    .         Spirit   .   c - +0 hat
rElec    .         Reflect  .   (no cloak)
rCorr    .         Harm     .   (no gloves)
MR       ++...     NoTele   +   (no boots)
Stlth    +++++++++.             (no amulet)
HPRegen  0.55/turn              (no ring)
MPRegen  0.33/turn              (no ring)

@: drained
A: retaliatory headbutt, horns 2
a: Minor Destruction, Lesser Servant of Makhleb, Major Destruction, Greater
Servant of Makhleb, Renounce Religion


You were in the Dungeon.
You worshipped Makhleb.
Makhleb was exalted by your worship.
You were not hungry.

You visited 1 branch

Inventory:

Hand Weapons
 a - a +0 war axe
 l - the +∞ Axe of Woe (weapon)
   (You found it in the Dungeon)
Missiles
 d - 3 throwing nets (quivered)
Armour
 b - a +0 leather armour (worn)
 c - a +0 hat (worn)
Scrolls
 k - a scroll of blinking
Potions
 e - a potion of curing
 g - a potion of heal wounds
 h - a potion of haste
 i - 2 potions of magic
 j - a potion of berserk rage
Comestibles
 f - a ration


   Skills:
 O Level 27(25.5) Fighting
 O Level 27(25.5) Axes
 O Level 27(25.5) Throwing
 O Level 27(25.5) Armour
 O Level 27(25.5) Dodging
 O Level 27(25.5) Stealth
 O Level 27(25.5) Unarmed Combat
 O Level 27(25.5) Spellcasting
 O Level 27(25.5) Invocations


You had 80 spell levels left.
You didn't know any spells.

Dungeon Overview and Level Annotations

Branches:
Dungeon (1/1)

Altars:
Makhleb


Innate Abilities, Weirdness & Mutations

You reflexively headbutt those who attack you in melee.
You have a pair of horns on your head.


Message History

A bag of meat comes into view. It is wielding a +9 war axe.
The bag of meat shouts!
You hear a chilling moan.
You hear a shout!
A bag of meat comes into view.
It is wielding a +9 war axe. 3 orcs come into view.
You are engulfed in blazing flames.
You hear a shout! x4
The meat berserker rages.
The dread is engulfed in blazing flames.
The bag of meat hits you with a +9 war axe!!
The accursed casts a spell at you. Something smites you!
The destroyer blinks!
The bag of meat hits you with a +9 war axe!!!
* * * LOW HITPOINT WARNING * * *
You hear a shout!
A bolt of negative energy appears from out of thin air!
The bolt of negative energy hits the dread.
The dread completely resists.
Deactivating autopickup; reactivate with Ctrl-A.
The bolt of negative energy hits you!
You feel drained.
You die...

...# ........o
##..W#.......o.....
......#.......o....
....o%§..V§O........
#.ooOoooo....%O....
.#..o§§§§.#.......#
..%.#§§§o.#.......#
.#..o§§§###.).....###.
...D2o§@W))))###......
...oM#oWo))))._)......
...#..OoV).#.)...#..
#..o.2...).#§)<)_#
.o.#.......#)))..#
oo...#.....)§._......
..2.....%%...###%.....
.......###.%. ..###.
...... #.... ..#


You could see an accursed, 3 meat beasts, an eight-headed meat hydra, 2
destroyers, 3 dreads, 3 meat berserkers and 20 bags of meat.

Vanquished Creatures
  A greater mummy (D)
  2 wraiths (D)
  15 vampire knights (D)
  30 ogres (D)
  6 two-headed ogres (D)
  2 liches (D)
  43 orcs (D)
  3 skeletal warriors (D)
  4 large abominations (D)
  5 small abominations (D)
  13 crawling corpses (D)
124 creatures vanquished.

Vanquished Creatures (others)
  3 orcs (D)
  4 crawling corpses (D)
7 creatures vanquished.

Grand Total: 131 creatures vanquished

Notes
Turn   | Place    | Note
-------+----------+-------------------------------------------
     0 | D        | Found the +∞ Axe of Woe
     0 | D        | Fang the Minotaur Gladiator began the quest for the Orb.
     0 | D        | Reached XP level 1. HP: 18/18 MP: 0/0
     3 | D        | Noticed a bag of meat
     3 | D        | Noticed a bag of meat
     4 | D        | Became a worshipper of Makhleb the Destroyer
     7 | D        | Noticed a bag of meat
     8 | D        | Noticed a bag of meat
     9 | D        | Noticed a meat berserker
     9 | D        | Noticed a bag of meat
    10 | D        | Killed a bag of meat
    10 | D        | Reached skill level 10 in Throwing
    10 | D        | Reached XP level 2. HP: 41/41 MP: 1/1
    10 | D        | Reached XP level 3. HP: 48/48 MP: 2/2
    10 | D        | Reached XP level 4. HP: 56/56 MP: 3/3
    10 | D        | Reached XP level 5. HP: 62/62 MP: 4/4
    10 | D        | Reached XP level 6. HP: 70/70 MP: 5/5
    10 | D        | Reached XP level 7. HP: 77/77 MP: 6/6
    10 | D        | Reached XP level 8. HP: 83/83 MP: 7/7
    10 | D        | Reached XP level 9. HP: 90/90 MP: 8/8
    10 | D        | Reached XP level 10. HP: 97/97 MP: 9/9
    10 | D        | Reached XP level 11. HP: 104/104 MP: 10/10
    11 | D        | Noticed a meat berserker
    11 | D        | Noticed a meat berserker
    11 | D        | Killed a meat berserker
    11 | D        | Reached * piety under Makhleb
    11 | D        | Reached skill level 15 in Fighting
    11 | D        | Reached XP level 12. HP: 16/119 MP: 11/11
    11 | D        | Reached XP level 13. HP: 17/126 MP: 12/12
    12 | D        | Killed a bag of meat
    12 | D        | Reached skill level 27 in Axes
    12 | D        | Reached XP level 14. HP: 82/137 MP: 13/13
    12 | D        | Killed a bag of meat
    12 | D        | Reached skill level 5 in Armour
    13 | D        | Noticed a meat berserker
    13 | D        | Killed a meat berserker
    13 | D        | Reached ** piety under Makhleb
    13 | D        | Reached skill level 27 in Dodging
    13 | D        | Reached XP level 15. HP: 160/160 MP: 14/14
    14 | D        | Killed a meat berserker
    14 | D        | Reached XP level 16. HP: 180/180 MP: 15/15
    14 | D        | Reached skill level 27 in Fighting
    15 | D        | Noticed a meat berserker
    15 | D        | Noticed a meat berserker
    16 | D        | Noticed a meat berserker
    17 | D        | Killed a meat berserker
    17 | D        | Reached *** piety under Makhleb
    17 | D        | Reached skill level 27 in Throwing
    17 | D        | Reached XP level 17. HP: 151/191 MP: 16/16
    17 | D        | Killed a meat berserker
    18 | D        | Killed a meat berserker
    18 | D        | Reached skill level 27 in Armour
    18 | D        | Reached XP level 18. HP: 200/200 MP: 17/17
    18 | D        | Reached **** piety under Makhleb
    19 | D        | Noticed a meat berserker
    20 | D        | Killed a meat berserker
    20 | D        | Reached skill level 15 in Invocations
    21 | D        | Reached skill level 15 in Stealth
    21 | D        | Reached XP level 19. HP: 207/207 MP: 17/34
    24 | D        | Killed a meat berserker
    24 | D        | Reached ***** piety under Makhleb
    24 | D        | Reached skill level 15 in Spellcasting
    27 | D        | Noticed a large bag of meat
    28 | D        | Reached XP level 20. HP: 216/216 MP: 18/39
    30 | D        | Noticed a destroyer
    30 | D        | Killed a destroyer
    30 | D        | Killed a large bag of meat
    31 | D        | Noticed a meat berserker
    31 | D        | Noticed a destroyer
    33 | D        | Noticed a meat berserker
    33 | D        | Reached skill level 27 in Unarmed Combat
    34 | D        | Killed a meat berserker
    34 | D        | Reached skill level 27 in Invocations
    34 | D        | Reached XP level 21. HP: 224/224 MP: 20/45
    34 | D        | Reached ****** piety under Makhleb
    34 | D        | Reached skill level 27 in Stealth
    35 | D        | Noticed a large bag of meat
    35 | D        | Noticed a destroyer
    35 | D        | Noticed a large bag of meat
    36 | D        | Noticed a large bag of meat
    36 | D        | Noticed a destroyer
    38 | D        | Killed a destroyer
    38 | D        | Reached skill level 27 in Spellcasting
    38 | D        | Reached XP level 22. HP: 233/233 MP: 21/52
    39 | D        | Noticed a destroyer
    40 | D        | Killed a destroyer
    40 | D        | Killed a destroyer
    40 | D        | Reached XP level 23. HP: 240/240 MP: 21/53
    41 | D        | Noticed a destroyer
    42 | D        | Killed a large bag of meat
    42 | D        | Killed a destroyer
    43 | D        | Killed a large bag of meat
    43 | D        | Reached XP level 24. HP: 249/249 MP: 22/53
    44 | D        | Noticed a destroyer
    45 | D        | Noticed a destroyer
    45 | D        | Noticed a destroyer
    46 | D        | Killed a destroyer
    47 | D        | Noticed a destroyer
    49 | D        | Killed a destroyer
    49 | D        | Reached XP level 25. HP: 257/257 MP: 24/53
    50 | D        | Killed a destroyer
    50 | D        | Reached XP level 26. HP: 266/266 MP: 24/53
    53 | D        | Killed a destroyer
    53 | D        | Reached XP level 27. HP: 273/273 MP: 25/53
    56 | D        | Noticed a tyrant
    59 | D        | Noticed a tyrant
    59 | D        | Noticed a destroyer
    59 | D        | Killed a tyrant
    60 | D        | Noticed an accursed
    62 | D        | Killed a destroyer
    63 | D        | Noticed a destroyer
    63 | D        | Killed a destroyer
    65 | D        | Noticed a dread
    65 | D        | Noticed a large bag of meat
    66 | D        | Noticed a large bag of meat
    66 | D        | Killed a tyrant
    67 | D        | Noticed a destroyer
    67 | D        | Noticed a destroyer
    68 | D        | Noticed a destroyer
    69 | D        | Killed a destroyer
    70 | D        | Noticed a dread
    72 | D        | Noticed a dread
    73 | D        | Killed a large bag of meat
    73 | D        | Killed a destroyer
    74 | D        | Noticed an accursed
    74 | D        | Noticed a dread
    76 | D        | Killed a large bag of meat
    76 | D        | Killed an accursed
    77 | D        | Noticed a destroyer
    77 | D        | Noticed a destroyer
    78 | D        | Killed a destroyer
    78 | D        | Killed a dread
    79 | D        | Killed a destroyer
    79 | D        | Killed a large bag of meat
    79 | D        | Killed a dread
    81 | D        | Noticed a meat beast
    81 | D        | Noticed a meat beast
    84 | D        | Killed from afar by a wretched soul

Skill      XL: |  1  2  3  4  5  6  7  8  9 10 11 12 13 14 15 16 17 18 19 20 21 |
---------------+----------------------------------------------------------------+-----
Fighting       | 12 15 16 22 26 27 | 27.0
Axes           | 20 25 27 | 27.0
Throwing       | 10 12 13 18 21 27 | 27.0
Dodging        | 18 22 24 27 | 27.0
Armour         | 2 3 8 11 17 27 | 27.0
Stealth        | 15 20 26 27 | 27.0
Unarmed Combat | 18 23 27 | 27.0
Spellcasting   | 12 16 21 27 | 27.0
Invocations    | 16 21 27 | 27.0

Action                   |  1- 3 |  4- 6 |  7- 9 | 10-12 | 13-15 | 16-18 | 19-21 | 22-24 | 25-27 || total
-------------------------+-------+-------+-------+-------+-------+-------+-------+-------+-------++-------
Melee: Executioner's axe |     1 |       |       |     1 |     3 |     4 |     9 |     6 |    30 ||    54
Armor: Leather armour    |       |       |       |       |       |       |     1 |     1 |       ||     2
Dodge: Dodged            |       |       |       |       |       |       |     1 |     3 |     6 ||    10
